 Dungeon Crawl Stone Soup version 0.22-a0-443-g17c3723 (webtiles) character file.

295 w00t the Ducker (level 6, -10/50 HPs)
             Began as a Gnoll Wanderer on June 1, 2018.
             Killed by divine providence
             ... invoked by an orc priest
              (14 damage)
             ... on level 4 of the Dungeon.
             The game lasted 00:03:05 (2998 turns).

w00t the Ducker (Gnoll Wanderer)                    Turns: 2998, Time: 00:03:06

Health: -10/50     AC:  9    Str: 16    XL:     6   Next: 34%
Magic:  8/8        EV:  9    Int: 18    God:
Gold:   126        SH:  0    Dex: 14    Spells: 8/8 levels left

rFire    . . .     SeeInvis .   a - +2 mace
rCold    . . .     Gourm    .   (no shield)
rNeg     . . .     Faith    .   e - +0 chain mail
rPois    .         Spirit   .   (no helmet)
rElec    .         Reflect  .   (no cloak)
rCorr    .         Harm     .   (no gloves)
MR       .....                  (no boots)
Stlth    ..........             (no amulet)
HPRegen  0.16/turn              i - +3 ring of intelligence
MPRegen  0.11/turn              w - ring of loudness (curse) {Stlth-}

@: no status effects
A: distributed training, fangs 1, strong nose
a: no special abilities


You were on level 4 of the Dungeon.
You were not hungry.

You visited 1 branch of the dungeon, and saw 4 of its levels.

You collected 126 gold pieces.

Inventory:

Hand Weapons
 a - a +2 mace (weapon)
 b - a -1 hunting sling
 d - a +0 spear
Missiles
 m - 34 sling bullets
 n - 62 stones (quivered)
Armour
 e - a +0 chain mail (worn)
 y - a +0 helmet
Jewellery
 i - a +3 ring of intelligence (left hand)
 w - a cursed ring of loudness (right hand) {Stlth-}
 z - an uncursed ring of poison resistance {unknown}
 A - an uncursed ring of poison resistance {unknown}
Wands
 v - a wand of disintegration (15)
Scrolls
 g - a scroll of enchant armour {unknown}
 h - a scroll of amnesia
 j - 4 scrolls of identify {unknown}
 o - a scroll of enchant weapon {unknown}
 r - a scroll of blinking {unknown}
 s - a scroll of fog {unknown}
 u - a scroll of teleportation {unknown}
 x - 2 scrolls of noise {unknown}
Potions
 c - 3 potions of curing {@q1}
 k - a potion of flight {unknown}
 l - 3 potions of haste {unknown}
 p - a potion of lignification {unknown}
 q - 2 potions of invisibility {unknown}
Comestibles
 f - 11 rations
 t - a chunk of flesh


   Skills:
 + Level 4.9 Fighting
 + Level 1.9 Short Blades
 + Level 1.9 Long Blades
 + Level 1.9 Axes
 + Level 3.2 Maces & Flails
 + Level 1.9 Polearms
 + Level 1.9 Staves
 + Level 1.9 Slings
 + Level 1.9 Bows
 + Level 1.9 Crossbows
 + Level 4.9 Throwing
 + Level 4.9 Armour
 + Level 4.9 Dodging
 + Level 3.0 Stealth
 + Level 1.9 Shields
 + Level 1.9 Unarmed Combat
 + Level 1.9 Spellcasting
 + Level 1.5 Conjurations
 + Level 1.5 Hexes
 + Level 1.5 Charms
 + Level 1.5 Summonings
 + Level 1.5 Necromancy
 + Level 1.5 Translocations
 + Level 1.5 Transmutations
 + Level 1.5 Fire Magic
 + Level 1.5 Ice Magic
 + Level 1.5 Air Magic
 + Level 1.5 Earth Magic
 + Level 1.5 Poison Magic
 + Level 2.1 Invocations
 + Level 1.9 Evocations


You had 8 spell levels left.
You didn't know any spells.
Your spell library was empty.

Dungeon Overview and Level Annotations

Branches:
Dungeon (4/15)
 Temple: D:4-7

Altars:
Hepliaklqana
Qazlal
Ru


Innate Abilities, Weirdness & Mutations

Your experience applies equally to all skills.
You have very sharp teeth.
Your uncanny sense of smell can sniff out nearby items.


Message History

The phantom blinks!
You sock the phantom! You bite the phantom, but do no damage.
The phantom is moderately damaged.
The phantom blinks!
The orc wizard points at you and mumbles some strange words.
You are confused.
The phantom hits you but does no damage.
The orc priest invokes the aid of Beogh against you.
Beogh smites you!
* * * LOW HITPOINT WARNING * * *
You miss the phantom.
The phantom is moderately damaged.
The phantom hits you.
* * * LOW HITPOINT WARNING * * *
You feel less confused.
The phantom blinks!
There is a stone staircase leading up here.
The orc priest mumbles some strange prayers to Beogh against you.
Beogh smites you!
You die...

#..# #.#
#.#.....##
#..###.###.#......
#..........# ....#
#.#......### ...#
#.....Y..## ...#
###.o.o.....
#o.....###
#o.W...# #@.....#
#......# ########


You could see a phantom, an ice beast, 2 orc priests, an orc wizard and an orc.

Vanquished Creatures
  An ice beast (D:3)
  A crimson imp (D:3)
  An orc wizard (D:3)
  6 adders
  2 worms
  An adder skeleton (D:3)
  A leopard gecko (D:2)
  8 orcs
  3 ball pythons (D:3)
  7 bats
  5 giant cockroaches
  3 goblins
  5 hobgoblins
  7 jackals
  7 kobolds
  A quokka (D:3)
  5 frilled lizards
  2 rats
66 creatures vanquished.

Notes
Turn   | Place    | Note
-------+----------+-------------------------------------------
     0 | D:1      | w00t the Gnoll Wanderer began the quest for the Orb.
     0 | D:1      | w00t set off with: a +2 mace, a +0 spear, a potion of curing {@q1}, a +0 robe, a ration
     0 | D:1      | Reached XP level 1. HP: 20/20 MP: 1/1
    82 | D:1      | Reached XP level 2. HP: 26/26 MP: 2/2
   759 | D:2      | Reached XP level 3. HP: 26/31 MP: 3/3
  1015 | D:2      | Found a sacrificial altar of Ru.
  1066 | D:2      | Reached skill level 1 in Invocations
  1069 | D:2      | Reached skill level 1 in Short Blades
  1069 | D:2      | Reached skill level 1 in Long Blades
  1069 | D:2      | Reached skill level 1 in Axes
  1069 | D:2      | Reached skill level 1 in Polearms
  1069 | D:2      | Reached skill level 1 in Staves
  1069 | D:2      | Reached skill level 1 in Slings
  1069 | D:2      | Reached skill level 1 in Bows
  1069 | D:2      | Reached skill level 1 in Crossbows
  1069 | D:2      | Reached skill level 1 in Shields
  1069 | D:2      | Reached skill level 1 in Unarmed Combat
  1069 | D:2      | Reached skill level 1 in Spellcasting
  1069 | D:2      | Reached skill level 1 in Evocations
  1070 | D:2      | Reached XP level 4. HP: 29/38 MP: 5/5
  1586 | D:2      | Found a sacrificial altar of Ru.
  1615 | D:3      | Reached skill level 1 in Conjurations
  1615 | D:3      | Reached skill level 1 in Hexes
  1615 | D:3      | Reached skill level 1 in Charms
  1615 | D:3      | Reached skill level 1 in Summonings
  1615 | D:3      | Reached skill level 1 in Necromancy
  1615 | D:3      | Reached skill level 1 in Translocations
  1615 | D:3      | Reached skill level 1 in Transmutations
  1615 | D:3      | Reached skill level 1 in Fire Magic
  1615 | D:3      | Reached skill level 1 in Ice Magic
  1615 | D:3      | Reached skill level 1 in Air Magic
  1615 | D:3      | Reached skill level 1 in Earth Magic
  1615 | D:3      | Reached skill level 1 in Poison Magic
  1823 | D:3      | Found a stormy altar of Qazlal.
  1843 | D:3      | Reached XP level 5. HP: 36/43 MP: 5/7
  2117 | D:3      | Found a faded altar of an unknown god.
  2425 | D:3      | Noticed an ice beast
  2434 | D:3      | Killed an ice beast
  2434 | D:3      | Reached XP level 6. HP: 39/50 MP: 8/8
  2953 | D:4      | Found a hazy altar of Hepliaklqana.
  2971 | D:4      | Noticed a phantom
  2979 | D:4      | Noticed an ice beast
  2998 | D:4      | Killed from afar by an orc priest

Vault maps used:
D:1:      minmay_arrival_four_houses, hangedman_abyss_or_decor_stabs,
          minmay_tetromino_o2
D:2:      marbit_many_paths, first_ration, hangedman_ru_absence
D:3:      nicolae_qazlal_general_emergency, chequers_ecumenical_altar_lobes
D:4:      lemuel_doored_altar, minmay_temple_entry_grid

Skill      XL: |  1  2  3  4  5 |
---------------+----------------+-----
Invocations    | 1 2 |  2.1
Short Blades   | 1 |  1.9
Long Blades    | 1 |  1.9
Axes           | 1 |  1.9
Polearms       | 1 |  1.9
Staves         | 1 |  1.9
Slings         | 1 |  1.9
Bows           | 1 |  1.9
Crossbows      | 1 |  1.9
Shields        | 1 |  1.9
Unarmed Combat | 1 |  1.9
Spellcasting   | 1 |  1.9
Evocations     | 1 |  1.9
Conjurations   | 1 |  1.5
Hexes          | 1 |  1.5
Charms         | 1 |  1.5
Summonings     | 1 |  1.5
Necromancy     | 1 |  1.5
Translocations | 1 |  1.5
Transmutations | 1 |  1.5
Fire Magic     | 1 |  1.5
Ice Magic      | 1 |  1.5
Air Magic      | 1 |  1.5
Earth Magic    | 1 |  1.5
Poison Magic   | 1 |  1.5
Maces & Flails | 3 |  3.2
Stealth        | 3 |  3.0
Fighting       | |  4.9
Throwing       | |  4.9
Armour         | |  4.9
Dodging        | |  4.9

Action                   |  1- 3 |  4- 6 || total
-------------------------+-------+-------++-------
Melee: Mace              |    75 |   111 ||   186
       Bite              |     5 |     8 ||    13
       Punch             |       |     1 ||     1
Throw: Stone             |    13 |    59 ||    72
       Tomahawk          |     4 |     3 ||     7
Evoke: Wand              |       |     3 ||     3
  Use: Scroll            |     2 |       ||     2
  Eat: Chunk             |       |     7 ||     7
Armor: Chain mail        |    49 |    72 ||   121
Dodge: Dodged            |    54 |    52 ||   106

Table legend:
 A = Spawn XP
 B = Non-spawn XP
 C = Spawn XP percentage of total XP
 D = Spawn monster count
 E = Non-spawn monster count
 F = Spawn count percentage of total count
 G = Total turns spent on level
                    A         B        C        D         E        F      G
               +---------+---------+-------+---------+---------+-------+---------
         Total |       0 |     422 |   0.0 |       0 |      66 |   0.0 |  2998
               +---------+---------+-------+---------+---------+-------+---------
           D:1 |       0 |      22 |   0.0 |       0 |      12 |   0.0 |   708
           D:2 |       0 |     101 |   0.0 |       0 |      25 |   0.0 |   898
           D:3 |       0 |     286 |   0.0 |       0 |      28 |   0.0 |  1230
           D:4 |       0 |      13 |   0.0 |       0 |       1 |   0.0 |   162
               +---------+---------+-------+---------+---------+-------+---------
